 Dungeon Crawl Stone Soup version 0.20.1-1-g8b1a95d66d (webtiles) character file.

96306 MoleUK the Bludgeoner (level 15, -4/144 HPs)
             Began as a Minotaur Berserker on Nov 29, 2017.
             Was the Champion of Trog.
             Slain by a spriggan berserker
             ... wielding a +0 quarterstaff
              (26 damage)
             ... on level 15 of the Dungeon on Nov 30, 2017.
             The game lasted 04:04:23 (25120 turns).

MoleUK the Bludgeoner (Minotaur Berserker)         Turns: 25120, Time: 04:04:24

Health: -4/144     AC: 29    Str: 23    XL:     15   Next: 68%
Magic:  13/13      EV: 14    Int:  4    God:    Trog [******]
Gold:   964        SH: 12    Dex: 20    Spells: 14/14 levels left

rFire    . . .     SeeInvis .   k - +5 morningstar of Pandemonium {flame, *Corrode +Blink rPois Dex+5}
rCold    . . .     Gourm    .   s - +0 shield {AC+3}
rNeg     . . .     Faith    +   y - +1 plate armour {MR+}
rPois    +         Spirit   .   (helmet restricted)
rElec    .         Reflect  .   a - +1 cloak {+Inv}
rCorr    +         Harm     .   i - +0 pair of gloves
MR       ++++.                  S - +2 pair of boots
Stlth    ..........             W - amulet of faith
Regen    1.4/turn               L - +3 ring of evasion
MPRegen  0.2/turn               X - ring of resist corrosion

@: very slightly contaminated, regenerating
A: retaliatory headbutt, horns 2, low mp 1, MP-powered wands
a: Berserk, Trog's Hand, Brothers in Arms, Burn Spellbooks, Renounce Religion,
Evoke Blink, Evoke Invisibility


You were on level 15 of the Dungeon.
You worshipped Trog.
Trog was exalted by your worship.
You were very hungry.

You visited 4 branches of the dungeon, and saw 23 of its levels.

You collected 1632 gold pieces.
You spent 668 gold pieces at shops.

Inventory:

Hand Weapons
 k - the +5 morningstar of Pandemonium (weapon) {flame, *Corrode +Blink rPois Dex+5}
   (Trog gifted it to you on level 11 of the Dungeon)

   It has been specially enchanted to burn those struck by it, causing extra
   injury to most foes and up to half again as much damage against particularly
   susceptible opponents.
   It affects your dexterity (+5).
   It protects you from poison.
   It lets you blink.
   It may corrode you when you take damage.
 q - the +2 morningstar "Ynkoskol" {elec, Int+4}
   (You acquired it on level 2 of the Lair of Beasts)

   Occasionally, upon striking a foe, it will discharge some electrical energy
   and cause terrible harm.
   It affects your intelligence (+4).
 I - a +4 battleaxe of electrocution
 U - the +8 battleaxe of Malaise {chop, MR+ Stlth+, unknown}
   (Trog gifted it to you on level 15 of the Dungeon)

   It inflicts extra damage upon your enemies.
   It affects your resistance to hostile enchantments.
   It makes you more stealthy.
Armour
 a - a +1 cloak of invisibility (worn)
 e - +0 acid dragon scales
 i - a +0 pair of gloves (worn)
 n - a +1 plate armour of fire resistance
 s - a +0 shield of protection (worn)
 y - a +1 plate armour of magic resistance (worn)
 S - a +2 pair of boots (worn)
Jewellery
 E - an uncursed amulet of regeneration
 H - an uncursed ring of protection from cold
 L - a +3 ring of evasion (left hand)
 P - an uncursed amulet of guardian spirit
 W - an amulet of faith (around neck)
 X - a ring of resist corrosion (right hand)
Wands
 r - a wand of confusion (12/48)
 x - a wand of flame (22/48)
 A - a wand of paralysis (15/24)
 C - a wand of enslavement (13/24)
 D - a wand of digging (6/24)
 M - a wand of polymorph (16/24)
 T - a wand of polymorph (14/24)
Scrolls
 d - 2 scrolls of identify
 g - a scroll of immolation
 j - a scroll of magic mapping
 o - 3 scrolls of holy word
 z - 3 scrolls of teleportation
 B - 4 scrolls of enchant weapon
 F - 3 scrolls of enchant armour
 V - 5 scrolls of remove curse
Potions
 b - 3 potions of heal wounds
 f - 5 potions of flight
 l - 2 potions of lignification {unknown}
 p - 4 potions of agility {unknown}
 w - 2 potions of berserk rage
 G - 4 potions of curing
 J - 3 potions of brilliance {unknown}
 K - a potion of cancellation {unknown}
 N - a potion of mutation {unknown}
 O - a potion of might {unknown}
 Q - a potion of invisibility {unknown}
 R - a potion of magic {unknown}
 Y - a potion of degeneration {unknown}
 Z - 2 potions of resistance {unknown}
Comestibles
 c - 15 bread rations
 h - 6 meat rations
 m - 18 fruits
 v - 22 royal jellies


   Skills:
 + Level 16.1 Fighting
 + Level 10.0(15.3) Axes
 + Level 18.5(19.2) Maces & Flails
 + Level 15.9 Armour
 + Level 7.0 Dodging
 - Level 0.3 Stealth
 + Level 9.2 Shields
 + Level 0.8 Evocations


You had 14 spell levels left.
You didn't know any spells.

Dungeon Overview and Level Annotations

Branches:
Dungeon (15/15)            Temple (0/1) D:5            Lair (6/6) D:9
 Shoals (0/4) Lair:2        Snake (0/4) Lair:3        Slime (1/5) Lair:5
    Orc (0/2) D:12         Vaults (0/5) D:14         Depths (1/5) D:15

Altars:
Fedhas
Gozag
Xom
Jiyva

Shops:
D:5 =   D:9 *   D:11 (   D:12 (=?*   D:15 *

Annotations:
D:12 Kirke
Lair:6 exclusion: 4 oklob plants


Innate Abilities, Weirdness & Mutations

You reflexively headbutt those who attack you in melee.
You have a pair of horns on your head.
Your magical capacity is low. (-10% MP)
You expend magic power (3 MP) to strengthen your wands.


Message History

As you read the scroll of blinking, it crumbles to dust.
The spriggan berserker rages.
The lich gestures wildly while chanting.
The Brimstone Fiend calls on the powers of darkness!
The fire dragon convulses!
The spriggan berserker convulses!
Your body is wracked with pain!
* * * LOW HITPOINT WARNING * * *
The lich gestures wildly while chanting.
The spriggan berserker rages.
The spriggan berserker rages.
The spriggan berserker hits you with a quarterstaff!
* * * LOW HITPOINT WARNING * * *
You feel much better.
The spriggan berserker hits you with a quarterstaff!!
* * * LOW HITPOINT WARNING * * *
The lich mumbles some strange words.
The lich flickers and vanishes!
Deactivating autopickup; reactivate with Ctrl-A.
The spriggan berserker hits you with a quarterstaff!!
You die...

....## #..........## #...#.≈≈.≈≈
....# #.....1..### ##..........
....# ##.....=..# ##......#....
..<.### #...{....# ##............
##....###.....D1.###......##.....
#####.........)...##....#######..
## ####.........##....## ### .##
###.....i##...### ..#
#......@..(## ### ..#
#...###.....## ##.. .##
#######.#....# #... .#
###..##...## ##... ##
#....###...# #.... # #.#.##
#...## #.... #.#.# ##...# #####
#.### ##..## # #.# ##..##


You could see a Tzitzimitl, a Brimstone Fiend, a fire dragon and a spriggan
berserker (berserk).

Vanquished Creatures
  A fire giant (D:15)
  Snorg (D:14)
  Josephine (Lair:5)
  A fire dragon (Lair:6)
  2 catoblepae
  7 hydras
  3 tengu warriors
  2 centaur warriors
  2 death knights
  7 two-headed ogres
  A queen ant (Lair:4)
  A skeletal warrior (D:13)
  3 unseen horrors
  Pikel (D:4)
  A phantasmal warrior (D:13)
  2 orc knights (D:15)
  2 manticores
  7 ugly things
  3 deep elf magi
  A shining eye (Slime:1)
  Maurice (D:12)
  6 black mambas
  4 centaur zombies
  Psyche (D:12)
  A torpor snail (Lair:5)
  A gargoyle (D:13)
  5 rime drakes
  2 kobold demonologists (D:11)
  7 spiny frogs
  A redback zombie (D:14)
  4 freezing wraiths
  A queen bee (shapeshifter) (D:15)
  8 komodo dragons
  13 polar bears
  5 trolls
  A hornet (D:11)
  A meliai zombie (D:14)
  A dream sheep (Lair:6)
  11 slime creatures
  15 blink frogs
  5 hippogriffs
  3 shadows
  7 wraiths
  3 water elementals (D:14)
  2 wyverns
  4 basilisks
  11 humans (D:14)
  73 yaks
  5 hogs (D:12)
  A steam dragon (D:10)
  6 wargs (Lair:6)
  3 acid dragons
  20 soldier ants (Lair:4)
  16 water moccasins
  15 hell hounds (Lair:6)
  10 porcupines
  5 sky beasts
  A hornet zombie (D:13)
  A swamp drake (Lair:6)
  7 ice beasts
  13 orc warriors
  3 phantoms
  A slave (D:4)
  12 black bears
  A necrophage (D:6)
  6 ogres
  2 eyes of draining
  41 wolves
  15 centaurs
  14 crocodiles
  4 big kobolds
  16 bullfrogs
  2 wyvern zombies
  A scorpion (D:5)
  A water moccasin skeleton (D:10)
  14 killer bees
  7 electric eels
  3 wights (D:11)
  6 howler monkeys
  10 crimson imps
  3 jellies
  2 quasits
  4 hounds
  12 orc priests
  A gnoll shaman (D:9)
  2 bullfrog skeletons
  8 centaur skeletons
  8 orc wizards
  4 iguanas
  20 worker ants
  3 hound skeletons
  A howler monkey zombie (D:7)
  2 worker ant zombies
  22 adders
  10 gnolls
  2 howler monkey skeletons
  4 shadow imps
  3 oozes
  2 adder zombies
  7 worms
  2 dart slugs
  3 leopard geckos
  81 orcs
  2 ball pythons
  8 giant cockroaches
  8 goblins
  5 hobgoblins
  17 jackals
  16 kobolds
  8 quokkas
  3 bats
  5 frilled lizards
  A jackal skeleton (D:9)
  A quokka skeleton (D:8)
  A quokka zombie (D:6)
  5 rats
  2 fungi (Lair:5)
  2 plants
798 creatures vanquished.

Vanquished Creatures (collateral kills)
  Rupert (Lair:5)
  2 entropy weavers (Lair:4)
  An ettin (Depths:1)
  The ghost of Mysteryquy the Cleaver, a journeyman DsBe of Trog (Lair:4)
  An ice dragon (Depths:1)
  A centaur warrior (D:14)
  Urug (D:14)
  Sonja (D:15)
  A swamp dragon (Lair:6)
  An orc sorcerer (D:15)
  A centaur skeleton (D:15)
  A komodo dragon (Lair:6)
  A tengu conjurer (D:14)
  2 yaks (Lair:6)
  A hog (shapeshifter) (D:15)
  5 humans (D:14)
  A basilisk (Lair:6)
  5 soldier ants (Lair:4)
  5 worker ants
  An orc (D:15)
34 creatures vanquished.

Vanquished Creatures (others)
  A shadow (D:15)
  A bush (Lair:4)
  12 fungi
  28 plants
42 creatures vanquished.

Grand Total: 874 creatures vanquished

Notes
Turn   | Place    | Note
-------+----------+-------------------------------------------
     0 | D:1      | MoleUK the Minotaur Berserker began the quest for the Orb.
     0 | D:1      | Reached XP level 1. HP: 19/19 MP: 0/0
   283 | D:1      | Reached XP level 2. HP: 27/27 MP: 1/1
   654 | D:1      | Reached XP level 3. HP: 27/33 MP: 2/2
  1079 | D:2      | Reached ** piety under Trog
  1527 | D:2      | Reached XP level 4. HP: 40/41 MP: 3/3
  2218 | D:3      | Reached skill level 5 in Axes
  2617 | D:3      | Reached *** piety under Trog
  2698 | D:3      | Reached XP level 5. HP: 45/47 MP: 4/4
  2820 | D:3      | Reached skill level 1 in Maces & Flails
  3118 | D:4      | Noticed an ogre
  3124 | D:4      | Killed an ogre
  3124 | D:4      | Reached skill level 5 in Fighting
  3124 | D:4      | Reached skill level 2 in Maces & Flails
  3239 | D:4      | Reached skill level 3 in Maces & Flails
  3239 | D:4      | Reached XP level 6. HP: 56/56 MP: 5/5
  3354 | D:4      | Noticed a slave
  3356 | D:4      | Noticed a slave
  3356 | D:4      | Noticed a slave
  3357 | D:4      | Noticed Pikel
  3360 | D:4      | Noticed a slave
  3366 | D:4      | Killed a slave
  3377 | D:4      | Killed Pikel
  3377 | D:4      | Reached skill level 5 in Maces & Flails
  3377 | D:4      | Reached XP level 7. HP: 51/62 MP: 6/6
  3511 | D:4      | Reached skill level 6 in Maces & Flails
  3655 | D:4      | Reached skill level 5 in Armour
  3818 | D:5      | Entered Level 5 of the Dungeon
  3863 | D:5      | Reached XP level 8. HP: 56/70 MP: 7/7
  4089 | D:5      | Found a staircase to the Ecumenical Temple.
  4098 | D:5      | Reached **** piety under Trog
  4214 | D:5      | Reached skill level 7 in Maces & Flails
  4377 | D:5      | Found Nuehusch's Jewellery Emporium.
  4413 | D:5      | Got a fine falchion
  4927 | D:6      | Got a twisted spear
  4972 | D:6      | Reached skill level 8 in Maces & Flails
  5183 | D:6      | Gained mutation: You expend magic power (3 MP) to strengthen your wands. [mutagenic meat]
  5209 | D:6      | Reached XP level 9. HP: 73/78 MP: 8/8
  5801 | D:7      | Reached skill level 9 in Maces & Flails
  6502 | D:8      | Reached skill level 10 in Maces & Flails
  6658 | D:8      | Noticed a two-headed ogre
  6667 | D:8      | Killed a two-headed ogre
  6667 | D:8      | Reached skill level 5 in Dodging
  6675 | D:8      | Found a shimmering altar of Xom.
  6737 | D:8      | Noticed a two-headed ogre
  6755 | D:8      | Killed a two-headed ogre
  6755 | D:8      | Reached skill level 11 in Maces & Flails
  6755 | D:8      | Reached XP level 10. HP: 68/88 MP: 9/9
  6814 | D:8      | Noticed a two-headed ogre
  6837 | D:8      | Killed a two-headed ogre
  6837 | D:8      | Reached ***** piety under Trog
  7498 | D:9      | Reached skill level 12 in Maces & Flails
  7508 | D:9      | Reached skill level 1 in Shields
  7579 | D:9      | Killed an unseen horror
  7812 | D:9      | Reached skill level 10 in Armour
  7950 | D:9      | Reached XP level 11. HP: 90/96 MP: 10/10
  7967 | D:9      | Reached skill level 13 in Maces & Flails
  8011 | D:9      | Found Umaxkupn's Assorted Antiques.
  8153 | D:9      | Found a staircase to the Lair.
  8184 | Lair:1   | Entered Level 1 of the Lair of Beasts
  8236 | D:9      | Reached skill level 10 in Fighting
  9802 | Lair:2   | Identified a scroll of acquirement
  9803 | Lair:2   | Got a scorched morningstar
  9808 | Lair:2   | Identified the +2 morningstar "Ynkoskol" {elec, Int+4} (You acquired it on level 2 of the Lair of Beasts)
  9860 | Lair:2   | Reached ****** piety under Trog
  9866 | Lair:2   | Received a gift from Trog
  9869 | Lair:2   | Reached skill level 14 in Maces & Flails
 10046 | Lair:2   | Found a staircase to the Shoals.
 10342 | Lair:3   | Found a staircase to the Snake Pit.
 11258 | Lair:3   | Reached XP level 12. HP: 108/108 MP: 11/11
 11588 | Lair:4   | Noticed a queen ant
 11594 | Lair:4   | Killed a queen ant
 11639 | Lair:4   | Reached skill level 15 in Maces & Flails
 11660 | Lair:4   | Noticed Mysteryquy's ghost (journeyman DsBe)
 11678 | Lair:4   | HP: 5/110 [Mysteryquy's ghost (7)]
 11698 | Lair:4   | HP: 5/110 [black mamba (6)]
 11712 | Lair:4   | Killed Mysteryquy's ghost
 11969 | Lair:4   | Noticed an entropy weaver
 11992 | Lair:4   | Killed an entropy weaver
 12440 | Lair:4   | Received a gift from Trog
 12447 | Lair:4   | Noticed an entropy weaver
 12458 | Lair:4   | Killed an entropy weaver
 13701 | Lair:5   | Reached XP level 13. HP: 48/118 MP: 1/12
 13702 | Lair:5   | Noticed Josephine
 13711 | Lair:5   | Killed Josephine
 14052 | Lair:5   | Found a staircase to the Slime Pits.
 14052 | Lair:5   | Found a viscous altar of Jiyva.
 14515 | Lair:5   | Noticed Rupert
 14517 | Lair:5   | Paralysed by Rupert for 6 turns
 14531 | Lair:5   | HP: 1/119 [Rupert/great mace of protection (41)]
 14537 | Lair:5   | Killed Rupert
 15023 | Lair:5   | Received a gift from Trog
 15400 | Lair:6   | Entered Level 6 of the Lair of Beasts
 15443 | Lair:5   | Reached skill level 10 in Axes
 16273 | Lair:6   | Reached skill level 16 in Maces & Flails
 16273 | Lair:6   | Reached skill level 5 in Shields
 16733 | Lair:6   | Noticed a fire dragon
 17303 | Lair:6   | Reached XP level 14. HP: 110/129 MP: 11/13
 17395 | Lair:6   | Received a gift from Trog
 17891 | Slime:1  | Entered Level 1 of the Pits of Slime
 17901 | Slime:1  | Gained mutation: Your magical capacity is low. (-10% MP) [a shining eye]
 18733 | D:10     | Entered Level 10 of the Dungeon
 19917 | D:10     | Reached skill level 15 in Armour
 20167 | D:11     | Reached skill level 17 in Maces & Flails
 20385 | D:11     | Received a gift from Trog
 20398 | D:11     | Got a jewelled morningstar {god gift}
 20425 | D:11     | Identified the +5 morningstar of Pandemonium {flame, *Corrode +Blink rPois Dex+5} (Trog gifted it to you on level 11 of the Dungeon)
 20434 | D:11     | Found Bouga's Antique Weapon Shoppe.
 20511 | D:11     | Bought a glowing battleaxe for 304 gold pieces
 20861 | D:12     | Found Senauqoa's Antique Weapon Boutique.
 21016 | D:12     | Found a staircase to the Orcish Mines.
 21183 | D:12     | Noticed Maurice
 21225 | D:12     | Found Sisatip's General Store.
 21225 | D:12     | Noticed Psyche
 21233 | D:12     | Killed Psyche
 21241 | D:12     | Bought a scroll of identify for 28 gold pieces
 21241 | D:12     | Bought a scroll of identify for 28 gold pieces
 21241 | D:12     | Bought a scroll of remove curse for 42 gold pieces
 21262 | D:12     | Noticed Kirke
 21492 | D:12     | Found Nahaloro's Jewellery Boutique.
 21495 | D:12     | Found Zuociv's Magic Scroll Shoppe.
 21525 | D:12     | Bought a scroll of remove curse for 42 gold pieces
 21525 | D:12     | Bought a scroll of identify for 28 gold pieces
 21525 | D:12     | Bought a scroll of identify for 28 gold pieces
 21525 | D:12     | Bought a scroll of identify for 28 gold pieces
 21525 | D:12     | Bought a scroll of identify for 28 gold pieces
 21525 | D:12     | Bought 3 scrolls of identify for 84 gold pieces
 21525 | D:12     | Bought a scroll of identify for 28 gold pieces
 21576 | D:12     | Killed Maurice
 22630 | D:13     | Reached XP level 15. HP: 123/139 MP: 13/13
 23009 | D:14     | Found a gate to the Vaults.
 23009 | D:14     | Noticed Urug
 23024 | D:14     | Received a gift from Trog
 23026 | D:14     | Reached skill level 15 in Fighting
 23026 | D:14     | Reached skill level 18 in Maces & Flails
 23041 | D:14     | Killed Urug
 23152 | D:14     | Noticed Snorg
 23165 | D:14     | Killed Snorg
 23933 | D:15     | Entered Level 15 of the Dungeon
 24014 | D:15     | Received a gift from Trog
 24024 | D:15     | Got a bone battleaxe {god gift}
 24038 | D:15     | Noticed Sonja
 24059 | D:15     | Killed Sonja
 24101 | D:15     | Found an opulent altar of Gozag.
 24108 | D:15     | Found Gozag's Platinum Reserve.
 24169 | D:15     | Found a blossoming altar of Fedhas.
 24343 | D:15     | Found a staircase to the Depths.
 24343 | D:15     | Noticed a fire giant
 24358 | D:15     | Killed a fire giant
 25094 | Depths:1 | Entered Level 1 of the Depths
 25094 | Depths:1 | Noticed a lich
 25111 | D:15     | Noticed a Brimstone Fiend
 25120 | D:15     | Noticed a Tzitzimitl
 25120 | D:15     | Slain by a spriggan berserker

Skill      XL: |  1  2  3  4  5  6  7  8  9 10 11 12 13 14 15 |
---------------+----------------------------------------------+-----
Fighting       | 4 5 6 7 8 9 10 12 13 14 16 | 16.1
Axes           | 4 5 7 10 | 10.0
Armour         | 3 4 5 7 9 10 11 13 14 15 | 15.9
Maces & Flails | 3 5 6 8 11 12 14 15 16 17 18 | 18.5
Dodging        | 3 4 5 6 7 |  7.0
Shields        | 1 3 4 5 7 9 |  9.2
Stealth        | |  0.3
Evocations     | |  0.8

Action                   |  1- 3 |  4- 6 |  7- 9 | 10-12 | 13-15 || total
-------------------------+-------+-------+-------+-------+-------++-------
Melee: Hand axe          |    81 |    40 |       |       |       ||   121
       Headbutt          |    21 |    23 |    46 |   142 |   335 ||   567
       Flail             |       |    83 |   194 |   415 |       ||   692
       Great mace        |       |       |       |   131 |       ||   131
       Morningstar       |       |       |       |    22 |  1216 ||  1238
       Executioner's axe |       |       |       |   115 |    42 ||   157
       Unarmed           |       |       |       |       |     2 ||     2
Invok: Berserk           |       |       |     1 |     4 |     3 ||     8
       Burn Spellbooks   |       |       |     1 |       |       ||     1
       Brothers in Arms  |       |       |       |     3 |     9 ||    12
       Trog's Hand       |       |       |       |       |     1 ||     1
Evoke: Wand              |       |       |       |     1 |       ||     1
  Use: Scroll            |       |       |       |    25 |    19 ||    44
       Potion            |       |       |       |     7 |     4 ||    11
 Stab: Petrified         |       |       |       |       |     2 ||     2
  Eat: Meat ration       |     1 |       |     2 |     2 |     4 ||     9
       Chunk             |       |     3 |     2 |    17 |    23 ||    45
Armor: Leather armour    |    10 |       |       |       |       ||    10
       Ring mail         |     4 |       |       |       |       ||     4
       Scale mail        |    12 |    35 |    49 |       |       ||    96
       Chain mail        |       |       |    30 |    75 |       ||   105
       Plate armour      |       |       |       |   370 |   608 ||   978
       Skin              |       |       |       |       |    17 ||    17
Dodge: Dodged            |    47 |    69 |   112 |   370 |   531 ||  1129
Block: Buckler           |       |       |       |    76 |   268 ||   344
       Shield            |       |       |       |       |   108 ||   108
